 Dungeon Crawl Stone Soup version 0.28-a0-1594-ga885d4b3d6 (webtiles) character file.

Game seed: 586703054683693322

437 fragbeetle the Slasher (level 6, -1/50 HPs)
             Began as a Palentonga Abyssal Knight on Jan 20, 2022.
             Was a Priest of Lugonu.
             Killed from afar by a white imp (11 damage)
             ... with a puff of frost
             ... summoned by Natasha
             ... on level 3 of the Dungeon.
             The game lasted 00:07:26 (4233 turns).

fragbeetle the Slasher (Palentonga Abyssal Knight)  Turns: 4233, Time: 00:07:28

Health: -1/50      AC:  8    Str: 18    XL:     6   Next: 69%
Magic:  9/9        EV:  5    Int: 10    God:    Lugonu [***...]
Gold:   83         SH:  0    Dex: 11    Spells: 5/5 levels left

rFire   . . .      SeeInvis +   a - +1 falchion
rCold   . . .      Faith    .   (no shield)
rNeg    . . .      Spirit   .   d - +0 chain mail
rPois   .          Reflect  .   h - +0 helmet
rElec   .          Harm     .   (no cloak)
rCorr   .          Rampage  .   (no gloves)
Will    .....                   (no barding)
Stlth   ..........              (no amulet)
HPRegen 0.16/turn               (no ring)
MPRegen 0.11/turn               (no ring)

@: no status effects
A: large, rugged brown scales 3, see invisible, deformed body, roll 1, armoured
tail
a: Rolling Charge, Renounce Religion, Depart the Abyss, Bend Space, Banish


You were on level 3 of the Dungeon.
You worshipped Lugonu.
Lugonu was most pleased with you.
You visited 1 branch of the dungeon, and saw 3 of its levels.
You visited the Abyss 1 time.

You collected 83 gold pieces.

Inventory:

Hand Weapons
 a - a +1 falchion (weapon)
Missiles
 c - 3 poisoned darts
 i - 73 stones
 l - 23 bolts
Armour
 b - a +0 leather armour
 d - a +0 chain mail (worn)
 h - a +0 helmet (worn)
 k - a +0 kite shield
Scrolls
 f - a scroll of vulnerability {unknown}
 j - a scroll of blinking {unknown}
 m - a scroll of teleportation {unknown}
Potions
 e - 2 potions of flight {unknown}
 g - a potion of heal wounds
 n - a potion of attraction {unknown}


   Skills:
 - Level 3.0 Fighting
 * Level 6.1 Long Blades
 - Level 1.5 Armour
 - Level 0.7 Dodging
 + Level 4.7 Invocations


You had 5 spell levels left.
You didn't know any spells.
Your spell library was empty.

Dungeon Overview and Level Annotations

Branches:
Dungeon (3/15)

Altars:
Sif Muna

Annotations:
D:3 Natasha
Abyss:1 Sigmund


Innate Abilities, Weirdness & Mutations

You are completely covered in rugged brown scales. (AC +3, +7% HP)
You have supernaturally acute eyesight. (SInv)
Armour fits poorly on your strangely shaped body.
You can roll at nearby foes to attack.
You have a long armoured tail.


Message History

The white imp hits you but does no damage.
You closely miss Natasha. You tail-slap Natasha.
Natasha is lightly wounded.
Natasha casts a spell at you. The magic dart hits you. The white imp hits you.
The white imp freezes you.
You hit Natasha.
Natasha is lightly wounded.
Natasha zaps a wand.
The puff of flame hits you! The white imp barely misses you.
You hit Natasha.
Natasha is moderately wounded.
Natasha claws you. Natasha completely misses you.
You hit Natasha but do no damage.
Natasha is moderately wounded.
The white imp completely misses you. Natasha barely misses you.
You closely miss Natasha.
Your tail-slap misses Natasha.
Natasha is moderately wounded.
The white imp gestures at you. The puff of frost hits you.
Natasha barely misses you.
You barely miss Natasha.
Natasha is moderately wounded.
The white imp hits you but does no damage.
Natasha zaps a wand.
The puff of flame hits you.
* * * LOW HITPOINT WARNING * * *
You hit Natasha but do no damage.
Natasha is moderately wounded.
The white imp gestures at you. The puff of frost hits you.
* * * LOW HITPOINT WARNING * * *
Natasha claws you.
* * * LOW HITPOINT WARNING * * *
Throw: 4 darts (poison)
Press: ? - help, Shift-Dir - straight line, f - Natasha
Aim: Natasha, carrying a wand of flame (6) (moderately wounded, 47% to hit)
You throw a poisoned dart. The poisoned dart hits Natasha.
Natasha is poisoned.
Natasha is moderately wounded.
The white imp gestures at you. The puff of frost hits you!
You die...

.....####.....##.....
.... #..........(...
.....##.###..........
#................#
.##....###........#
...................#
...................#
........###..5#.....
..#####.#...@h.....#
.. #.#............
#.#..........#.
..#...###...<#
..#...# ....# #...#
...... #... ....#.
#... ..# .


You could see Natasha (poisoned) and a white imp (summoned).

Vanquished Creatures
  3 orc priests (D:2)
  Natasha (twice) (D:3)
  Robin (D:2)
  3 adders
  2 worms (D:2)
  A dart slug (D:1)
  3 orcs
  14 endoplasms
  4 giant cockroaches (D:2)
  16 goblins
  12 hobgoblins
  5 jackals (D:1)
  A quokka (D:1)
  6 ball pythons
  A bat (D:1)
  7 frilled lizards
  4 kobolds
  6 rats (D:1)
91 creatures vanquished.

Notes
Turn   | Place    | Note
-------+----------+-------------------------------------------
     0 | Abyss:1  | fragbeetle the Palentonga Abyssal Knight began the quest
                  | for the Orb.
     0 | Abyss:1  | Reached XP level 1. HP: 19/19 MP: 2/2
    26 | D:1      | Escaped the Abyss
   235 | D:1      | Found a faded altar of an unknown god.
   248 | D:1      | Reached XP level 2. HP: 19/25 MP: 3/3
   271 | D:1      | Reached ** piety under Lugonu
   517 | D:1      | Reached skill level 3 in Long Blades
   576 | D:1      | Reached XP level 3. HP: 18/31 MP: 4/4
  1527 | D:2      | Found a shimmering blue altar of Sif Muna.
  1562 | D:2      | Noticed Robin
  1989 | D:2      | Killed Robin
  1990 | D:2      | Reached XP level 4. HP: 32/37 MP: 6/6
  2261 | D:2      | Reached skill level 4 in Long Blades
  2485 | D:2      | Reached XP level 5. HP: 22/43 MP: 7/7
  2622 | D:2      | Reached *** piety under Lugonu
  3217 | D:2      | Noticed Sigmund
  3241 | D:2      | Banished Sigmund
  3242 | D:2      | Reached skill level 5 in Long Blades
  3242 | D:2      | Reached XP level 6. HP: 10/50 MP: 3/9
  3530 | D:3      | Noticed Natasha
  3898 | D:3      | Killed Natasha
  3948 | D:3      | Noticed Natasha
  3965 | D:3      | Killed Natasha
  3966 | D:3      | Reached skill level 6 in Long Blades
  4219 | D:3      | Noticed Natasha
  4233 | D:3      | Killed from afar by a white imp

Illustrated notes

Levels and vault maps discovered:
D:1:      matt_arrival_grand_opening, layout_basic,
          chequers_ecumenical_altar_island
D:2:      minmay_angry_zag, layout_loops_corners, basic_altar, minmay_domino_4,
          uniq_robin, uniq_sigmund
D:3:      layout_basic, minmay_quantized, uniq_natasha

Skill      XL: |  1  2  3  4  5  6 |
---------------+-------------------+-----
Long Blades    | 3 4 5 6 |  6.1
Invocations    | 3 4 |  4.7
Fighting       | |  3.0
Armour         | |  1.5
Dodging        | |  0.7

Action                   |  1- 3 |  4- 6 || total
-------------------------+-------+-------++-------
Melee: Falchion          |   128 |   152 ||   280
       Tailslap          |    17 |    24 ||    41
       Punch             |     3 |     2 ||     5
Throw: Dart              |       |    10 ||    10
Invok: Banish            |       |     1 ||     1
 Abil: Rolling Charge    |     1 |     3 ||     4
Armor: Chain mail        |    92 |    64 ||   156
Dodge: Dodged            |    30 |    28 ||    58

Table legend: (Time is in decaauts)
 A = Elapsed time spent in this place.
 B = Non-inter-level travel time spent in this place.
 C = Inter-level travel time spent in this place.
 D = Time resting spent in this place.
 E = Time spent auto-exploring this place.
 F = Levels seen in this place.
 G = Mean time per level.
                   A        B        C        D        E       F      G
               +--------+--------+--------+--------+--------+-----+--------+
         Total |   4269 |   4186 |     83 |   1750 |   1557 |   4 | 1067.2 |
       Dungeon |   4243 |   4160 |     83 |   1750 |   1557 |   3 | 1414.3 |
         Abyss |     26 |     26 |      0 |      0 |      0 |   1 |   26.0 |
               +--------+--------+--------+--------+--------+-----+--------+

Top non-repeatable levels by time:
     D:2: 1968 daAuts
     D:1: 1847 daAuts
     D:3: 427 daAuts
 Abyss:1: 26 daAuts
